 Dungeon Crawl Stone Soup version 0.29.0-11-gd7f09526c8 (webtiles) character file.

Game seed: 9083160924798042665

502 Hrothgar the Ruffian (level 6, -6/61 HPs)
             Began as a Troll Berserker on Sept 5, 2022.
             Was a Believer of Trog.
             Mangled by a two-headed ogre
             ... wielding a +0 giant spiked club
              (14 damage)
             ... on level 4 of the Dungeon.
             The game lasted 00:19:16 (3726 turns).

Hrothgar the Ruffian (Troll Berserker)              Turns: 3726, Time: 00:19:16

Health: -6/61      AC:  6    Str: 26    XL:     6   Next: 95%
Magic:  0/5        EV: 10    Int:  5    God:    Trog [**....]
Gold:   110        SH:  0    Dex:  9    Spells: 5/5 levels left

rFire   + . .      SeeInvis +   i - +0 trident (venom)
rCold   . . .      Faith    .   (no shield)
rNeg    + . .      Spirit   +   k - +2 robe {rN+}
rPois   .          Reflect  .   (helmet restricted)
rElec   .          Harm     .   (no cloak)
rCorr   .          Rampage  .   (gloves unavailable)
Will    .....                   (boots unavailable)
Stlth   +.........              n - amulet of guardian spirit
HPRegen 1.00/turn               c - ring of see invisible
MPRegen 0.09/turn               m - ring of protection from fire

@: on berserk cooldown, slowed, very slow
A: large, unfitting armour, claws 3, regeneration 1, shaggy fur 1, tough skin 1
a: Renounce Religion, Berserk, Trog's Hand


You were on level 4 of the Dungeon.
You worshipped Trog.
Trog was pleased with you.
You visited 1 branch of the dungeon, and saw 4 of its levels.

You collected 110 gold pieces.

Inventory:

Hand Weapons
 i - a +0 trident of venom (weapon)
Missiles
 d - a boomerang (quivered)
Armour
 a - a +2 animal skin
 k - a +2 robe of positive energy (worn)
Jewellery
 c - a ring of see invisible (left claw)
 m - a ring of protection from fire (right claw)
 n - an amulet of guardian spirit (around neck)
Scrolls
 b - a scroll of immolation
 l - 3 scrolls of blinking
 o - a scroll of fog {unknown}
 q - 2 scrolls of vulnerability {unknown}
 r - a scroll of enchant weapon {unknown}
Potions
 e - a potion of mutation {unknown}
 f - a potion of might {unknown}
 g - 2 potions of brilliance {unknown}
 h - a potion of heal wounds {unknown}
 j - a potion of curing {unknown}
 p - a potion of flight {unknown}
 t - a potion of attraction {unknown}


   Skills:
 * Level 3.3 Fighting
 * Level 0.1 Polearms
 * Level 3.3 Throwing
 * Level 1.6 Armour
 * Level 3.1 Dodging
 * Level 0.9 Stealth
 - Level 4.7 Unarmed Combat


You had 5 spell levels left.
You didn't know any spells.
Your spell library was empty.

Dungeon Overview and Level Annotations

Branches:
Dungeon (4/15)
 Temple: D:4-7

Altars:
Ashenzari
Fedhas
Wu Jian


Innate Abilities, Weirdness & Mutations

You are too large for most types of armour.
You have claws for hands.
Your natural rate of healing is unusually fast.
You are covered in fur. (AC +1)
You have tough skin. (AC +1)


Message History

Throw: throwing net
Press: ? - help, Q - select action, (/) - cycle Shift-Dir - straight line, f/p - two-headed ogre
Aim: a two-headed ogre, wielding a +0 giant spiked club and a +0 giant club (72% to hit)
You throw a throwing net.
The throwing net barely misses the two-headed ogre.
Throw: boomerang
Press: ? - help, Q - select action, (/) - cycle Shift-Dir - straight line, f/p - two-headed ogre
Aim: a two-headed ogre, wielding a +0 giant spiked club and a +0 giant club (72% to hit)
You throw a boomerang. The boomerang hits the two-headed ogre.
The two-headed ogre is lightly wounded.
A red film seems to cover your vision as you go berserk!
You feel yourself moving faster!
You feel mighty! The two-headed ogre barely misses you.
The two-headed ogre closely misses you.
You barely miss the two-headed ogre.
The two-headed ogre is lightly wounded.
You barely miss the two-headed ogre.
The two-headed ogre is lightly wounded.
The two-headed ogre hits you with a +0 giant spiked club!!!
The two-headed ogre hits you with a +0 giant club!
You completely miss the two-headed ogre.
The two-headed ogre is lightly wounded.
You hit the two-headed ogre.
The two-headed ogre is poisoned.
The two-headed ogre is lightly wounded.
The two-headed ogre barely misses you.
The two-headed ogre hits you with a +0 giant club!!
* * * LOW HITPOINT WARNING * * *
You feel a strong urge to attack something.
There is a stone staircase leading up here.
You feel your anger nearly subside.
You are no longer berserk.
You are exhausted.
You feel yourself slow down.
The two-headed ogre attacks as you move away!
The two-headed ogre closely misses you. The two-headed ogre barely misses you.
The two-headed ogre barely misses you.
The two-headed ogre hits you with a +0 giant club!
* * * LOW HITPOINT WARNING * * *
The two-headed ogre attacks as you move away!
The two-headed ogre barely misses you.
The two-headed ogre hits you with a +0 giant club!
You die...

.##.#### #.#
#....## #.# ###.#
#.# #.#### #.< #
#.# #.# #.# ### #
#.# ..# #.# # #.#
.## #.# #.# .
###.####### #.#
#..........
#######.#........
#.O@....#.#######
#. #.#####...#
#####.####.#
#.###
.......<...# #.#
.####.###..# #.#
#. #..## #.. #.
#<..# #.#
#.###...####.####
#...............#
#..#


You could see a two-headed ogre (poisoned).

Vanquished Creatures
  Grinder (D:4)
  An orc priest (D:4)
  An iguana (D:4)
  Jessica (D:2)
  Natasha (thrice) (D:2)
  Robin (D:2)
  3 adders
  A shadow imp (D:4)
  A dart slug (D:2)
  6 orcs (D:4)
  8 ball pythons
  4 bats
  7 endoplasms
  2 giant cockroaches (D:1)
  19 goblins
  9 hobgoblins
  8 jackals
  7 kobolds
  2 quokkas
  4 frilled lizards
  6 rats
95 creatures vanquished.

Notes
Turn   | Place    | Note
-------+----------+-------------------------------------------
     0 | D:1      | Hrothgar the Troll Berserker began the quest for the Orb.
     0 | D:1      | Reached XP level 1. HP: 22/22 MP: 0/0
   239 | D:1      | Reached XP level 2. HP: 29/29 MP: 1/1
   422 | D:1      | Reached XP level 3. HP: 36/36 MP: 2/2
   605 | D:1      | Found a faded altar of an unknown god.
   641 | D:1      | Reached ** piety under Trog
  1170 | D:2      | Noticed Jessica
  1174 | D:2      | Killed Jessica
  1175 | D:2      | Reached skill level 1 in Throwing
  1175 | D:2      | Reached XP level 4. HP: 44/44 MP: 3/3
  1241 | D:2      | Noticed Natasha
  1250 | D:2      | Killed Natasha
  1317 | D:2      | Noticed Robin
  1326 | D:2      | Killed Robin
  1338 | D:2      | Reached skill level 1 in Armour
  1594 | D:2      | Reached XP level 5. HP: 53/53 MP: 4/4
  1885 | D:2      | Noticed Natasha
  1896 | D:2      | Killed Natasha
  2207 | D:2      | Noticed Natasha
  2217 | D:2      | Killed Natasha
  2218 | D:2      | Reached skill level 4 in Unarmed Combat
  3091 | D:3      | Found an ornate altar of the Wu Jian Council.
  3096 | D:3      | Found a broken altar of Ashenzari.
  3103 | D:3      | Found a blossoming altar of Fedhas.
  3230 | D:4      | Noticed a two-headed ogre
  3275 | D:4      | Noticed Grinder
  3286 | D:4      | Killed Grinder
  3287 | D:4      | Reached XP level 6. HP: 61/61 MP: 5/5
  3726 | D:4      | Mangled by a two-headed ogre

Illustrated notes

Levels and vault maps discovered:
D:1:      beargit_arrival_greenhouse, layout_basic,
          hellmonk_ecumenical_altar_blasted, grunt_decor_arrowhead
D:2:      layout_loops_ring, uniq_natasha, uniq_robin, uniq_jessica
D:3:      layout_loops_corners, grunt_temple_overflow_diamond
D:4:      layout_loops_ring, uniq_grinder

Skill      XL: |  1  2  3  4  5 |
---------------+----------------+-----
Throwing       | 1 3 |  3.3
Fighting       | 3 |  3.3
Armour         | 1 |  1.6
Unarmed Combat | 4 |  4.7
Dodging        | 3 |  3.1
Polearms       | |  0.1
Stealth        | |  0.9

Action                   |  1- 3 |  4- 6 || total
-------------------------+-------+-------++-------
Melee: Unarmed           |    80 |    77 ||   157
       Punch             |     1 |     1 ||     2
       Trident           |       |    24 ||    24
Throw: Boomerang         |    42 |    65 ||   107
       Throwing net      |       |     1 ||     1
Invok: Berserk           |     2 |     7 ||     9
  Use: Scroll            |     3 |     5 ||     8
 Stab: Sleeping          |       |     1 ||     1
Armor: Animal skin       |    23 |       ||    23
       Robe              |       |    31 ||    31
Dodge: Dodged            |    36 |    40 ||    76
